 Dungeon Crawl Stone Soup version 0.28.0-53-g5a82cb258f (webtiles) character file.

Game seed: 5532133858671113798

457 DocClef the Chiller (level 6, -7/41 HPs)
             Began as a Demonspawn Ice Elementalist on July 11, 2022.
             Was an Initiate of Hepliaklqana.
             Mangled by an ogre
             ... wielding a +0 giant club
              (30 damage)
             ... on level 5 of the Dungeon.
             The game lasted 00:06:46 (6198 turns).

DocClef the Chiller (Demonspawn Ice Elementalist)   Turns: 6198, Time: 00:06:47

Health: -7/41      AC:  3    Str:  9    XL:     6   Next: 77%
Magic:  8/9        EV: 12    Int: 16    God:    Hepliaklqana [......]
Gold:   279        SH:  0    Dex: 13    Spells: 8/9 levels left

rFire   . . .      SeeInvis .   i - +3 dagger (pain)
rCold   + . .      Faith    .   (no shield)
rNeg    . . .      Spirit   .   a - +1 robe
rPois   .          Reflect  .   (helmet restricted)
rElec   .          Harm     .   (no cloak)
rCorr   .          Rampage  .   (no gloves)
Will    .....                   (no boots)
Stlth   ++........              (no amulet)
HPRegen 0.13/turn               m - ring of protection from cold
MPRegen 0.11/turn               n - ring of flight

@: about to teleport, weak-willed, flying
A: demonic guardian 1, ignite blood 2, antennae 1, dopey 1, wild magic 1, sturdy
frame 1
a: Renounce Religion


You were on level 5 of the Dungeon.
You worshipped Hepliaklqana.
Hepliaklqana was noncommittal.
You visited 2 branches of the dungeon, and saw 6 of its levels.

You collected 279 gold pieces.

Inventory:

Hand Weapons
 c - a +0 dagger
 i - a +3 dagger of pain (weapon)
Armour
 a - a +1 robe (worn)
Jewellery
 m - a ring of protection from cold (left hand)
 n - a ring of flight (right hand)
Scrolls
 h - a scroll of vulnerability
 j - 2 scrolls of teleportation
 o - a scroll of brand weapon {unknown}
 p - a scroll of torment {unknown}
Potions
 k - a potion of attraction {unknown}
 l - a potion of curing


   Skills:
 - Level 1.7 Dodging
 - Level 1.7 Stealth
 - Level 2.0 Spellcasting
 + Level 7.5 Ice Magic


You had 8 spell levels left.
You knew the following spells:

 Your Spells              Type           Power      Damage    Failure   Level
a - Freeze                Ice            100%       1d11      1%          1

Your spell library contained the following spells:

 Spells                   Type           Power      Damage    Failure   Level
 Frozen Ramparts          Ice            66%        1d8       4%          3
 Ozocubu's Armour         Ice            33%        N/A       4%          3
 Sting                    Tmut/Pois      8%         1d3       28%         1
 Poisonous Vapours        Pois/Air       4%         N/A       38%         2
 Hailstorm                Conj/Ice       17%        3d6       50%         4
 Gell's Gravitas          Tloc           2%         N/A       61%         3
 Lesser Beckoning         Tloc           2%         N/A       61%         3
 Teleport Other           Tloc           2%         N/A       61%         3
 Olgreb's Toxic Radiance  Pois           2%         N/A       94%         4


Dungeon Overview and Level Annotations

Branches:
Dungeon (5/15)             Temple (1/1) D:4

Altars:
Ashenzari
Dithmenos
Fedhas
Hepliaklqana
Kikubaaqudgha
Makhleb
Nemelex Xobeh
Okawaru
Ru
Sif Muna
Uskayaw
Vehumet
Xom
Yredelemnul
Zin


Innate Abilities, Weirdness & Mutations

A weak demonic guardian rushes to your aid.
Your demonic aura often causes spilled blood to erupt in flames.
You have a pair of small antennae on your head.
You are dopey. (Int -2)
Your spells are a little harder to cast, but a little more powerful.
Your movements are slightly less encumbered by armour. (ER -2)


Message History

Done exploring.
Done exploring.
Done exploring.
Done exploring.
Done exploring.
There is a stone staircase leading down here.
You fly downwards.
You hear the sound of rushing water.
There is an entrance to a sewer on this level.
Hurry and find it before the portal rusts away!
Found a book of Necromancy and a club.
There is a stone staircase leading up here.
As you read the scroll labelled PANWUXT JIROIS, it crumbles to dust.
It is a scroll of enchant weapon.
Your +2 dagger of pain glows red for a moment.
As you read the scroll labelled BUAJESKASS, it crumbles to dust.
Wisps of shadow whirl around you...
It was a scroll of summoning.
As you read the scroll labelled ISAWOF MIFUMA, it crumbles to dust.
It is a scroll of enchant armour.
Your +0 robe glows green for a moment.
As you read the scroll labelled FERUMO KAGGUTT, it crumbles to dust.
You speak a Word of immense power!
Your necrophage convulses!
You are blasted by holy energy!
It was a scroll of holy word.
As you read the scroll labelled DEPAAL GALAMI, it crumbles to dust.
You feel aware of your surroundings.
You sensed 1 altar, and 1 shop/portal.
It was a scroll of magic mapping.
As you read the scroll labelled PEATRA QEPUSU, it crumbles to dust.
Magic quickly surges around you.
It was a scroll of vulnerability.
As you read the scroll labelled JETIUP MAUWKI, it crumbles to dust.
You feel strangely unstable.
It was a scroll of teleportation.
Casting: Freeze (safe; 1% risk of failure)
Confirm with . or Enter, or press ? or * to list all spells.
Aiming: Freeze (safe; 1% risk of failure)
Press: ? - help, Shift-Dir - straight line, f - ogre
Aim: an ogre, wielding a +0 giant club (weak-willed)
You freeze the ogre.
The ogre is lightly wounded.
The ogre hits you with a +0 giant club!!
Ouch! That really hurt!
You die...

,,,** **,,,** *,*,**
,,,,* **+** *,,*,** ,,,**
*###,*##* *,***,* *,,*
*,...,..* **,*,** **,*
*,##.##.##*** **,** *,*
*.,.......,,# *,*
*,******...,..:.##.####,*
*,,,,,,,.....#o........,*
********,*#...n@...#*****
*.......O...#
*.##..#.###.#
*.)..,..,,,,#
*###,###***** ***** *,*
*,,,* *,* ***,,,***,***
*,,,,,,,,,,,*


You could see an ogre (weak-willed, ally target), a friendly necrophage
(summoned, dazed, weak-willed) and a friendly orc (summoned, weak-willed).

Vanquished Creatures
  An ogre (D:4)
  Dowan (D:4)
  A centaur skeleton (D:4)
  2 orc wizards (D:4)
  5 adders
  An ufetubus (D:4)
  An adder skeleton (D:4)
  A worm (D:2)
  6 orcs
  2 endoplasms (D:2)
  2 giant cockroaches
  6 goblins
  4 hobgoblins
  6 jackals
  6 kobolds
  4 quokkas
  2 ball pythons
  2 bats
  3 frilled lizards
  4 rats
60 creatures vanquished.

Vanquished Creatures (collateral kills)
  Duvessa (D:4)
  An adder (D:4)
  An ufetubus (D:4)
  A dart slug (D:4)
  2 orcs (D:4)
  3 goblins (D:3)
  A kobold (D:3)
  A quokka (D:4)
11 creatures vanquished.

Vanquished Creatures (others)
  An orc (D:4)
1 creature vanquished.

Grand Total: 72 creatures vanquished

Notes
Turn   | Place    | Note
-------+----------+-------------------------------------------
     0 | D:1      | DocClef the Demonspawn Ice Elementalist began the quest for
                  | the Orb.
     0 | D:1      | Reached XP level 1. HP: 13/13 MP: 3/3
    18 | D:1      | Found a faded altar of an unknown god.
   545 | D:1      | Reached skill level 4 in Ice Magic
   592 | D:1      | Gained mutation: A weak demonic guardian rushes to your
                  | aid. [demonic ancestry]
   592 | D:1      | Reached XP level 2. HP: 19/19 MP: 5/5
  1403 | D:2      | Gained mutation: You have hidden genetic potential. [potion
                  | of mutation]
  1403 | D:2      | Gained mutation: You are dopey. (Int -2) [potion of
                  | mutation]
  1403 | D:2      | Gained mutation: Your spells are a little harder to cast,
                  | but a little more powerful. [potion of mutation]
  1602 | D:2      | Reached XP level 3. HP: 23/24 MP: 0/6
  2125 | D:2      | Gained mutation: Your movements are slightly less
                  | encumbered by armour. (ER -2) [hidden potential]
  2533 | D:3      | Reached skill level 5 in Ice Magic
  2648 | D:3      | Gained mutation: Your demonic aura sometimes causes spilled
                  | blood to erupt in flames. [demonic ancestry]
  2648 | D:3      | Reached XP level 4. HP: 13/30 MP: 4/7
  2877 | D:3      | Found a sacrificial altar of Ru.
  3693 | D:4      | Gained mutation: You have a pair of small antennae on your
                  | head. [hidden potential]
  3693 | D:4      | Lost mutation: You have hidden genetic potential. [hidden
                  | potential expressed]
  3949 | D:4      | Found a staircase to the Ecumenical Temple.
  4042 | Temple   | Entered the Ecumenical Temple
  4280 | Temple   | Became a worshipper of Hepliaklqana the Forgotten
  4353 | D:4      | Found a hide-covered altar of Uskayaw.
  4355 | D:4      | Noticed Duvessa
  4364 | D:4      | Noticed Dowan
  4376 | D:4      | Killed Dowan
  4377 | D:4      | Reached skill level 6 in Ice Magic
  4377 | D:4      | Gained mutation: Your demonic aura often causes spilled
                  | blood to erupt in flames. [demonic ancestry]
  4377 | D:4      | Reached XP level 5. HP: 19/35 MP: 3/8
  4494 | D:4      | Killed Duvessa
  4495 | D:4      | Reached XP level 6. HP: 8/41 MP: 9/9
  5150 | D:4      | Reached skill level 7 in Ice Magic
  6190 | D:5      | Entered Level 5 of the Dungeon
  6198 | D:5      | Mangled by an ogre

Illustrated notes

Levels and vault maps discovered:
D:1:      dpeg_arrival_simpleton_a, layout_basic, basic_ecumenical_altar
D:2:      layout_basic, lemuel_old_faithful
D:3:      cheibrodos_greedy_goblins, layout_basic, amcnicky_altar_gilded
D:4:      layout_loops_ring, mainiacjoe_overflow_concentric_impassable,
          lemuel_temple_firewalk_a, uniq_duvessa
D:5:      layout_loops_corners, mainiacjoe_overflow_chevrons,
          portal_sewer_entry_b
Temple:   nicolae_temple_figure_eight

Skill      XL: |  1  2  3  4  5  6 |
---------------+-------------------+-----
Ice Magic      | 4 5 6 7 |  7.5
Dodging        | |  1.7
Stealth        | |  1.7
Spellcasting   | |  2.0

Action                   |  1- 3 |  4- 6 || total
-------------------------+-------+-------++-------
Melee: Dagger            |    54 |   101 ||   155
       Unarmed           |     5 |       ||     5
       Punch             |       |     1 ||     1
 Cast: Freeze            |    40 |    44 ||    84
Evoke: Wand              |       |     3 ||     3
  Use: Potion            |     5 |       ||     5
       Scroll            |       |     7 ||     7
 Stab: Sleeping          |     2 |       ||     2
Armor: Robe              |    11 |    20 ||    31
Dodge: Dodged            |    40 |   101 ||   141
